[Event "46th GRE-chT Premier 2018"]
[Site "Rio Achaia"]
[Date "2018.07.11"]
[Round "3"]
[White "Rousis, Chrysostomos"]
[Black "Stefanou, Konstantinos"]
[Result "0-1"]
[ECO "B44"]
[WhiteElo "1483"]
[BlackElo "1677"]
[Annotator "NA"]
[PlyCount "78"]
[EventDate "2018.07.10"]
[EventType "team-tourn"]
[EventCountry "GRE"]
[SourceTitle "playchess.com"]
[Source "ChessBase"]
[SourceQuality "1"]
[TimeControl "40/5400+30:1800+30"]

1. e4 c5 2. Nf3 e6 3. d4 cxd4 4. Nxd4 Nc6 5. Nb3 Nf6 6. Nc3 Bb4 7. Bd3 d5 8. exd5 Nxd5 9. Bd2 Nxc3 10. bxc3 Be7 11. O-O O-O 12. Qh5 g6 13. Qe2 Bf6 14. Rfd1 Qe7 15. Rab1 b6 16. Nd4 Bb7 17. Be3 Rac8 18. Nxc6 Bxc6 19. Bd4 e5 20. Re1 Rfe8 21. Qd2 Qb7 22. Be3 Bxg2 23. Bg5 Bg7 24. Qe2 Qf3 25. Ba6 Rxc3 26. Qxf3 Bxf3 27. Re3 e4 28. Rbe1 h6 29. Bxh6 Rd8 30. Bxg7 Rxe3 31. Rxe3 Rd1+ 32. Bf1 Kxg7 33. h3 f5 34. Ra3 a5 35. Rb3 Be2 36. Rxb6 Rxf1+ 37. Kg2 Rc1 38. Rb7+ Kh6 39. Rc7 Kg5 0-1

[Event "46th GRE-chT Premier 2018"]
[Site "Rio Achaia"]
[Date "2018.07.11"]
[Round "3"]
[White "Gioutsou, Miranta"]
[Black "Apostolakaki, Evangelia"]
[Result "0-1"]
[ECO "C41"]
[WhiteElo "1467"]
[BlackElo "1376"]
[Annotator "NA"]
[PlyCount "158"]
[EventDate "2018.07.10"]
[EventType "team-tourn"]
[EventCountry "GRE"]
[SourceTitle "playchess.com"]
[Source "ChessBase"]
[SourceQuality "1"]
[TimeControl "40/5400+30:1800+30"]

1. e4 e5 2. Nf3 d6 3. d4 exd4 4. Nxd4 Nc6 5. Nc3 Nf6 6. Nxc6 bxc6 7. Bd3 Be7 8. O-O O-O 9. Re1 Be6 10. Bf4 Rb8 11. Rb1 Re8 12. a3 Nd7 13. b4 Bf6 14. Qd2 Ne5 15. b5 cxb5 16. Nxb5 Nxd3 17. Qxd3 a6 18. Na7 Rxb1 19. Rxb1 Qa8 20. Be3 Bc8 21. Nxc8 Qxc8 22. f3 Qa8 23. Qb3 Qc6 24. c4 h6 25. Bf2 Bg5 26. Qb4 Be7 27. Bd4 f6 28. Rc1 d5 29. exd5 Bxb4 30. dxc6 Bxa3 31. Ra1 Bd6 32. Rxa6 Re1+ 33. Kf2 Rc1 34. h3 Rxc4 35. Ba7 Kf7 36. Be3 Bc5 37. Bxc5 Rxc5 38. Ke3 Ke6 39. Kf2 Kd6 40. Ra8 Kxc6 41. h4 Re5 42. g4 Kb7 43. Rg8 Re7 44. Rd8 c5 45. Rd3 Kc6 46. f4 c4 47. Rd8 Kc5 48. g5 hxg5 49. hxg5 fxg5 50. fxg5 Re5 51. Rd7 Rxg5 52. Ke3 Kc6 53. Re7 Kd6 54. Ra7 Kc6 55. Re7 g6 56. Kd4 Rg4+ 57. Kc3 Kd6 58. Ra7 Ke6 59. Ra6+ Kf5 60. Ra5+ Kf6 61. Rc5 g5 62. Ra5 Kg6 63. Ra6+ Kh5 64. Ra8 Rf4 65. Rh8+ Kg4 66. Rg8 Kh4 67. Rh8+ Kg3 68. Rg8 g4 69. Kd2 Kf2 70. Re8 g3 71. Re2+ Kf3 72. Re3+ Kg4 73. Re8 g2 74. Rg8+ Kh3 75. Ke3 Rg4 76. Rxg4 Kxg4 77. Kf2 c3 78. Kxg2 c2 79. Kh2 c1=Q 0-1

[Event "46th GRE-chT Premier 2018"]
[Site "Rio Achaia"]
[Date "2018.07.11"]
[Round "3"]
[White "Aivazian, Elpida Sofia"]
[Black "Tafani, Kleinta"]
[Result "1-0"]
[ECO "B38"]
[WhiteElo "1451"]
[BlackElo "1102"]
[Annotator "NA"]
[PlyCount "79"]
[EventDate "2018.07.10"]
[EventType "team-tourn"]
[EventCountry "GRE"]
[SourceTitle "playchess.com"]
[Source "ChessBase"]
[SourceQuality "1"]
[TimeControl "40/5400+30:1800+30"]

1. e4 c5 2. Nf3 Nc6 3. d4 cxd4 4. Nxd4 g6 5. c4 Bg7 6. Be3 Qa5+ 7. Nc3 Nf6 8. Nxc6 bxc6 9. Bd3 Rb8 10. Rb1 O-O 11. O-O Qc7 12. h3 Ra8 13. f4 Bb7 14. e5 Ne8 15. c5 a5 16. Na4 Rd8 17. Qc2 d5 18. cxd6 exd6 19. Bb6 Qb8 20. Bxd8 Qxd8 21. Rbe1 Nc7 22. exd6 Qxd6 23. Nc5 Bd4+ 24. Kh1 Qxc5 25. Qxc5 Bxc5 26. Re5 Bd6 27. Rxa5 Ra8 28. Rxa8+ Bxa8 29. f5 Kg7 30. fxg6 hxg6 31. Be4 c5 32. Bxa8 Nxa8 33. Rd1 Be7 34. a4 Nb6 35. a5 Nc4 36. a6 Nb6 37. a7 Kf6 38. Rd7 Na8 39. Rb7 c4 40. Rb8 1-0

[Event "46th GRE-chT Premier 2018"]
[Site "Rio Achaia"]
[Date "2018.07.11"]
[Round "3"]
[White "Klampatseas, Christos"]
[Black "Beliotis, Georgios"]
[Result "0-1"]
[ECO "E91"]
[WhiteElo "1440"]
[BlackElo "2175"]
[Annotator "NA"]
[PlyCount "92"]
[EventDate "2018.07.10"]
[EventType "team-tourn"]
[EventCountry "GRE"]
[SourceTitle "playchess.com"]
[Source "ChessBase"]
[SourceQuality "1"]
[TimeControl "40/5400+30:1800+30"]

1. d4 Nf6 2. c4 g6 3. Nc3 Bg7 4. e4 d6 5. Be2 O-O 6. Nf3 Na6 7. O-O e5 8. d5 Nc5 9. Bg5 a5 10. Nd2 h6 11. Be3 Ne8 12. f4 exf4 13. Rxf4 Nf6 14. Bxc5 dxc5 15. Kh1 Nd7 16. Rf1 Ne5 17. Nf3 Ng4 18. Qd3 b6 19. h3 Ne5 20. Nxe5 Bxe5 21. Qe3 Kg7 22. Rab1 Qh4 23. Nb5 Bd7 24. b3 Rae8 25. Bd3 h5 26. Bc2 f6 27. Rbd1 g5 28. d6 c6 29. Nc7 Rd8 30. Rf5 Rf7 31. Rdf1 Bxf5 32. exf5 Kg8 33. Rd1 Qf4 34. Qxf4 Bxf4 35. Ne6 Rxd6 36. Nxf4 Rxd1+ 37. Bxd1 gxf4 38. Bxh5 Rd7 39. Bf3 Rd2 40. Bxc6 Rxa2 41. h4 Rb2 42. Ba4 Kg7 43. h5 Kh6 44. Be8 Rxb3 45. Kh2 Rb4 46. Bb5 a4 0-1

[Event "46th GRE-chT Premier 2018"]
[Site "Rio Achaia"]
[Date "2018.07.11"]
[Round "3"]
[White "Goutoufas, Christos"]
[Black "Mplitsa, Artemis"]
[Result "0-1"]
[ECO "C24"]
[WhiteElo "1434"]
[BlackElo "1182"]
[Annotator "NA"]
[PlyCount "46"]
[EventDate "2018.07.10"]
[EventType "team-tourn"]
[EventCountry "GRE"]
[SourceTitle "playchess.com"]
[Source "ChessBase"]
[SourceQuality "1"]
[TimeControl "40/5400+30:1800+30"]

1. e4 e5 2. Bc4 Nf6 3. d4 exd4 4. Nf3 Bb4+ 5. c3 dxc3 6. bxc3 Bc5 7. e5 d5 8. exf6 dxc4 9. Qxd8+ Kxd8 10. fxg7 Re8+ 11. Kf1 Rg8 12. Bh6 Be7 13. Ne5 Be6 14. Nd2 Bf6 15. f4 Bxg7 16. Bxg7 Rxg7 17. Ndxc4 f6 18. Rd1+ Ke7 19. g4 fxe5 20. f5 Bxc4+ 21. Kf2 Rxg4 22. Ke3 Nc6 23. Rhf1 Bxf1 {[%emt 0:00:50] Kd4} 0-1

[Event "46th GRE-chT Premier 2018"]
[Site "Rio Achaia"]
[Date "2018.07.11"]
[Round "3"]
[White "Fragou, Maria V"]
[Black "Georgitsi, Antigoni"]
[Result "1/2-1/2"]
[ECO "C55"]
[WhiteElo "1427"]
[BlackElo "1811"]
[Annotator "NA"]
[PlyCount "137"]
[EventDate "2018.07.10"]
[EventType "team-tourn"]
[EventCountry "GRE"]
[SourceTitle "playchess.com"]
[Source "ChessBase"]
[SourceQuality "1"]
[TimeControl "40/5400+30:1800+30"]

1. e4 e5 2. Nf3 Nc6 3. Bc4 Nf6 4. d3 h6 5. O-O d6 6. c3 g6 7. d4 Qe7 8. Re1 Bg7 9. Nbd2 O-O 10. h3 Re8 11. Bb3 Nh5 12. Nf1 Qf6 13. Ne3 Nf4 14. Nd5 Nxd5 15. exd5 Nb8 16. dxe5 dxe5 17. Be3 Bf5 18. Bc2 Nd7 19. Qd2 Kh7 20. Nh2 Rad8 21. Qe2 Bxc2 22. Qxc2 Qd6 23. Rad1 f5 24. f3 Nf6 25. c4 e4 26. f4 Qe7 27. Qd2 Nd7 28. b4 a5 29. a3 axb4 30. axb4 Ra8 31. Nf1 Ra3 32. Rc1 Rd3 33. Qa2 Qxb4 34. Rb1 Qc3 35. Rec1 Qf6 36. Rxb7 Qd6 37. Qa5 c6 38. dxc6 Qxc6 39. Qb5 Qxb5 40. cxb5 Rb8 41. Rxb8 Nxb8 42. Rc7 Nd7 43. b6 Rxe3 44. Nxe3 Nxb6 45. Rb7 Na4 46. Nd5 Kh8 47. Kf1 Nc5 48. Rb6 g5 49. fxg5 hxg5 50. Rg6 Nd3 51. Rxg5 f4 52. Ne7 Bf6 53. Ng6+ Kh7 54. Rg4 f3 55. gxf3 exf3 56. h4 Ne5 57. Nxe5 Bxe5 58. Kf2 Kh6 59. Kxf3 Bf6 60. Rf4 Be5 61. Re4 Bc3 62. Kg4 Bd2 63. h5 Bc1 64. Re6+ Kh7 65. Re7+ Kh6 66. Rc7 Bd2 67. Kf5 Be3 68. Rc8 Bd4 69. Rc7 1/2-1/2

[Event "46th GRE-chT Premier 2018"]
[Site "Rio Achaia"]
[Date "2018.07.11"]
[Round "3"]
[White "Papadopoulos, Panteleimon"]
[Black "Argyropoulos, Theodoros"]
[Result "1/2-1/2"]
[ECO "B27"]
[WhiteElo "1422"]
[BlackElo "1539"]
[Annotator "NA"]
[PlyCount "95"]
[EventDate "2018.07.10"]
[EventType "team-tourn"]
[EventCountry "GRE"]
[SourceTitle "playchess.com"]
[Source "ChessBase"]
[SourceQuality "1"]
[TimeControl "40/5400+30:1800+30"]

1. e4 c5 2. Nf3 g6 3. d4 cxd4 4. Nxd4 Nc6 5. Be3 Nf6 6. f3 Bg7 7. c4 O-O 8. Nc3 d6 9. Qd2 Bd7 10. g4 h5 11. h3 Kh7 12. Be2 a5 13. Rd1 Rc8 14. a3 Ne5 15. b3 a4 16. f4 Nc6 17. b4 Rh8 18. Ndb5 Kg8 19. g5 Nh7 20. Nxa4 Ra8 21. Nb6 Ra6 22. Nxd7 Qxd7 23. c5 Na7 24. Nxa7 Rxa7 25. Qa2 Ra8 26. Bc4 Qc6 27. Bxf7+ Kf8 28. Bd5 Qa6 29. Bc1 dxc5 30. Qc4 Qxc4 31. Bxc4 Bc3+ 32. Bd2 Rxa3 33. bxc5 Bxd2+ 34. Kxd2 Ra5 35. Bd5 Rxc5 36. Bxb7 e5 37. Rhf1 Ke7 38. h4 Rd8+ 39. Bd5 Kd6 40. fxe5+ Kxe5 41. Rf7 Nf8 42. Rf6 Rb8 43. Ke3 Rc3+ 44. Rd3 Rc1 45. Rd2 Rc3+ 46. Rd3 Rc1 47. Bc6 Rc5 48. Bd5 {[%emt 0:02:39] Kxd5 Kd4#} 1/2-1/2

[Event "46th GRE-chT Premier 2018"]
[Site "Rio Achaia"]
[Date "2018.07.11"]
[Round "3"]
[White "Georgitsi, Sofia"]
[Black "Louka, Marianthi"]
[Result "1/2-1/2"]
[ECO "B32"]
[WhiteElo "1420"]
[BlackElo "1465"]
[Annotator "NA"]
[PlyCount "136"]
[EventDate "2018.07.10"]
[EventType "team-tourn"]
[EventCountry "GRE"]
[SourceTitle "playchess.com"]
[Source "ChessBase"]
[SourceQuality "1"]
[TimeControl "40/5400+30:1800+30"]

1. e4 c5 2. Nf3 Nc6 3. d4 cxd4 4. Nxd4 e5 5. Nb5 d6 6. c4 Be7 7. N1c3 a6 8. Na3 f5 9. exf5 Bxf5 10. Bd3 Bxd3 11. Qxd3 Nf6 12. O-O O-O 13. Nc2 Kh8 14. Bg5 Nh5 15. Be3 Nf4 16. Bxf4 exf4 17. Nd5 Ne5 18. Qe4 f3 19. g3 Qd7 20. Nxe7 Qxe7 21. Ne3 Rae8 22. Rad1 Qd7 23. c5 Ng6 24. Rxd6 Qxd6 25. Qxe8 Qxc5 26. Qe4 Qb5 27. b3 Re8 28. Qxf3 Rf8 29. Qd5 Qe2 30. Qxb7 Qxa2 31. Qd5 a5 32. Kg2 a4 33. bxa4 Qxa4 34. Qc4 Qa5 35. Rc1 Qd2 36. Rf1 Qa5 37. Qd5 Qa4 38. Qc4 Qa5 39. Qd4 Qg5 40. Qg4 Qf6 41. Qe4 Qb2 42. Qc2 Qb7+ 43. f3 Ne5 44. Qe4 Qb5 45. Ng4 Nd3 46. Nf2 Nc5 47. Qd5 Qb6 48. Ne4 Ne6 49. Qd6 Qb3 50. Nc5 Qc2+ 51. Rf2 Qxc5 52. Qxe6 h6 53. Qe4 Qg5 54. Re2 h5 55. Qe5 Qg6 56. Qe4 Qf6 57. Rf2 Qg5 58. Re2 Qf6 59. Rf2 Qf7 60. Qh4 Kg8 61. Qe4 Re8 62. Qd4 Kh8 63. Qc5 Qg6 64. Qd4 Re6 65. Qd8+ Re8 66. Qd4 Re6 67. Qd8+ Kh7 68. Qd4 Rf6 1/2-1/2

[Event "46th GRE-chT Premier 2018"]
[Site "Rio Achaia"]
[Date "2018.07.11"]
[Round "3"]
[White "Kartsidima, Aikaterini"]
[Black "Poulopoulos, Ilias"]
[Result "1-0"]
[ECO "A45"]
[WhiteElo "1402"]
[BlackElo "1290"]
[Annotator "NA"]
[PlyCount "73"]
[EventDate "2018.07.10"]
[EventType "team-tourn"]
[EventCountry "GRE"]
[SourceTitle "playchess.com"]
[Source "ChessBase"]
[SourceQuality "1"]
[TimeControl "40/5400+30:1800+30"]

1. d4 Nf6 2. Nd2 e6 3. Ngf3 c5 4. e3 Be7 5. Bd3 O-O 6. O-O b6 7. c3 Bb7 8. e4 d6 9. b3 Nbd7 10. Bb2 Qc7 11. Rc1 Rfe8 12. Re1 Bf8 13. Nf1 a6 14. a4 g6 15. Ng3 Bg7 16. Qe2 Bh6 17. Rc2 Bg7 18. Bc1 e5 19. dxe5 Nxe5 20. Nxe5 dxe5 21. f3 a5 22. Bb5 Bc6 23. Be3 Red8 24. Rcc1 Rd6 25. Red1 Rad8 26. Bxc6 Qxc6 27. Nf1 Ne8 28. Rxd6 Rxd6 29. Nd2 Nc7 30. Nc4 Rd7 31. Rd1 Rxd1+ 32. Qxd1 Bf6 33. Qd6 Qxd6 34. Nxd6 Kf8 35. Nc8 Na8 36. Nxb6 Nxb6 37. Bxc5+ 1-0

[Event "46th GRE-chT Premier 2018"]
[Site "Rio Achaia"]
[Date "2018.07.11"]
[Round "3"]
[White "Trapalis, Theodoros"]
[Black "Vlachos, Georgios"]
[Result "1-0"]
[ECO "D30"]
[WhiteElo "1386"]
[BlackElo "1334"]
[Annotator "NA"]
[PlyCount "81"]
[EventDate "2018.07.10"]
[EventType "team-tourn"]
[EventCountry "GRE"]
[SourceTitle "playchess.com"]
[Source "ChessBase"]
[SourceQuality "1"]
[TimeControl "40/5400+30:1800+30"]

1. d4 d5 2. c4 e6 3. Nf3 Nf6 4. e3 Be7 5. Nc3 O-O 6. Bd3 b6 7. O-O Bb7 8. b3 Nbd7 9. Bb2 c5 10. cxd5 Nxd5 11. Nxd5 Bxd5 12. Rc1 Rc8 13. Qe2 Re8 14. Rfd1 cxd4 15. Nxd4 Nc5 16. Bb5 Rf8 17. Nc6 Qc7 18. Qg4 f6 19. Nxe7+ Qxe7 20. b4 Ne4 21. Rxc8 Rxc8 22. Rxd5 Nxf2 23. Rd7 Nxg4 24. Rxe7 Kf8 25. Rxe6 Rc2 26. Bd4 Kf7 27. Re4 f5 28. Rf4 Ke6 29. Rxf5 Rxa2 30. Bc4+ Kxf5 31. Bxa2 g6 32. b5 Ke4 33. Bb1+ Kd5 34. Bd3 g5 35. h3 Nh6 36. Bg7 Nf7 37. Bxh7 Kc5 38. Bg6 Nd8 39. Bf6 Nb7 40. Bd3 Nd6 41. Be7 1-0

[Event "46th GRE-chT Premier 2018"]
[Site "Rio Achaia"]
[Date "2018.07.11"]
[Round "3"]
[White "Gkaripis, Marios Ilias"]
[Black "Georgiadis, Anastasios"]
[Result "0-1"]
[ECO "E51"]
[WhiteElo "1374"]
[BlackElo "1184"]
[Annotator "NA"]
[PlyCount "165"]
[EventDate "2018.07.10"]
[EventType "team-tourn"]
[EventCountry "GRE"]
[SourceTitle "playchess.com"]
[Source "ChessBase"]
[SourceQuality "1"]
[TimeControl "40/5400+30:1800+30"]

1. d4 Nf6 2. c4 e6 3. Nc3 Bb4 4. e3 O-O 5. Nf3 d5 6. a3 Bxc3+ 7. bxc3 Nbd7 8. cxd5 exd5 9. c4 c6 10. Bd3 Ne4 11. cxd5 cxd5 12. O-O Ndf6 13. Qb3 Rb8 14. h3 Be6 15. a4 a6 16. Ba3 Re8 17. a5 h6 18. Rfc1 Bf5 19. Ne5 Nd7 20. Bxe4 Bxe4 21. Bd6 Qg5 22. f3 Nxe5 23. fxe4 Nf3+ 24. Kh1 Nd2 25. Qc2 Nxe4 26. Bxb8 Rxb8 27. Re1 Qg3 28. Re2 Re8 29. Rf1 Qg5 30. Kg1 Ng3 31. Rf3 Nxe2+ 32. Qxe2 Rc8 33. Kh2 Qe7 34. Rg3 Qc7 35. Qg4 g6 36. h4 Re8 37. Kh3 Qe7 38. h5 g5 39. Qf5 Qe6 40. Kg4 Qxf5+ 41. Kxf5 Re4 42. Rf3 Kg7 43. g4 f6 44. Rg3 Kf7 45. Rf3 Re7 46. Rg3 Rc7 47. e4 Rc4 48. Rd3 dxe4 49. Kxe4 Ra4 50. Rb3 Rxa5 51. Rxb7+ Ke6 52. Rh7 Ra2 53. Rxh6 Rf2 54. Rg6 Rf4+ 55. Ke3 Rxg4 56. d5+ Ke5 57. d6 Re4+ 58. Kf3 Rf4+ 59. Ke3 Kxd6 60. h6 Ke5 61. Rg8 Rh4 62. Rh8 Kf5 63. Ra8 Rxh6 64. Rxa6 Rh3+ 65. Kf2 g4 66. Ra5+ Kg6 67. Kg2 f5 68. Ra8 Rd3 69. Rg8+ Kf6 70. Rf8+ Ke5 71. Ra8 Ke4 72. Re8+ Kf4 73. Re1 Rd2+ 74. Kg1 Kf3 75. Rf1+ Kg3 76. Kh1 Kh3 77. Kg1 g3 78. Re1 f4 79. Rf1 f3 80. Rxf3 Rd1+ 81. Rf1 Rxf1+ 82. Kxf1 Kh2 83. Ke2 0-1

[Event "46th GRE-chT Premier 2018"]
[Site "Rio Achaia"]
[Date "2018.07.11"]
[Round "3"]
[White "Patriki, Alexandra"]
[Black "Skiadopoulou, Afroditi-Lelouda"]
[Result "0-1"]
[ECO "C68"]
[WhiteElo "1355"]
[BlackElo "1491"]
[Annotator "NA"]
[PlyCount "128"]
[EventDate "2018.07.10"]
[EventType "team-tourn"]
[EventCountry "GRE"]
[SourceTitle "playchess.com"]
[Source "ChessBase"]
[SourceQuality "1"]
[TimeControl "40/5400+30:1800+30"]

1. e4 e5 2. Nf3 Nc6 3. Bb5 a6 4. Bxc6 dxc6 5. d4 exd4 6. Qxd4 Qxd4 7. Nxd4 Nf6 8. Nc3 Bb4 9. f3 O-O 10. Bd2 Rd8 11. Nde2 b5 12. O-O-O Bb7 13. Bf4 Ba5 14. Rxd8+ Rxd8 15. Rd1 Rxd1+ 16. Nxd1 Kf8 17. c3 Ke7 18. Ng3 g6 19. Bg5 Ke6 20. Nf2 Nd7 21. Ne2 f6 22. Be3 Bb6 23. Kd2 Ne5 24. b3 c5 25. f4 Nd7 26. g3 Nb8 27. Nc1 Nd7 28. Ne2 c4 29. bxc4 bxc4 30. Bxb6 cxb6 31. Ke3 b5 32. Kd4 Kd6 33. e5+ fxe5+ 34. fxe5+ Nxe5 35. Ne4+ Bxe4 36. Kxe4 Nd3 37. Kd4 a5 38. h3 Nf2 39. h4 Nd3 40. a4 Kc6 41. Ke3 bxa4 42. Nd4+ Kd5 43. Nc2 Nb2 44. Na3 Ke5 45. Kd2 Kd5 46. Ke3 Nd3 47. Kf3 h6 48. Ke3 g5 49. hxg5 hxg5 50. Kf3 Nc5 51. Nb1 Ne4 52. g4 Nc5 53. Na3 Nd3 54. Ke3 Ne5 55. Kf2 Ke4 56. Ke2 Kf4 57. Kf2 Nxg4+ 58. Kg2 Ne5 59. Kf2 g4 60. Nc2 g3+ 61. Kg1 Kf3 62. Kf1 g2+ 63. Kg1 Kg3 64. Na3 Nf3# 0-1

[Event "46th GRE-chT Premier 2018"]
[Site "Rio Achaia"]
[Date "2018.07.11"]
[Round "3"]
[White "Pasoglou, Nikoleta"]
[Black "Batzoli, Maria"]
[Result "0-1"]
[ECO "B10"]
[WhiteElo "1354"]
[BlackElo "1312"]
[Annotator "NA"]
[PlyCount "78"]
[EventDate "2018.07.10"]
[EventType "team-tourn"]
[EventCountry "GRE"]
[SourceTitle "playchess.com"]
[Source "ChessBase"]
[SourceQuality "1"]
[TimeControl "40/5400+30:1800+30"]

1. e4 c6 2. c4 e5 3. Nf3 Qc7 4. Nc3 Bb4 5. a3 Bxc3 6. bxc3 Nf6 7. Qc2 O-O 8. Be2 d6 9. O-O Bg4 10. h3 Bh5 11. d3 Nbd7 12. Bb2 Bxf3 13. Bxf3 h6 14. g3 Nh7 15. Bg2 g5 16. d4 c5 17. d5 Nb6 18. Qd3 Qd7 19. Rfe1 f5 20. exf5 Qxf5 21. Qxf5 Rxf5 22. Be4 Rf6 23. Bd3 Raf8 24. Re2 R8f7 25. Rb1 Nf8 26. Bc1 Kg7 27. Be3 Ng6 28. Ra2 Na4 29. Rc2 Rd7 30. Kg2 Ne7 31. Rf1 Nf5 32. Re1 Rdf7 33. Ree2 Re7 34. Bc1 Nb6 35. Bb2 Rf8 36. Ba1 Ref7 37. Bxf5 Rxf5 38. Re4 Rf3 39. Rce2 Kg6 0-1

[Event "46th GRE-chT Premier 2018"]
[Site "Rio Achaia"]
[Date "2018.07.11"]
[Round "3"]
[White "Ilia, Anastasia"]
[Black "Kotsoglou, Evi"]
[Result "1-0"]
[ECO "C55"]
[WhiteElo "1348"]
[BlackElo "1424"]
[Annotator "NA"]
[PlyCount "113"]
[EventDate "2018.07.10"]
[EventType "team-tourn"]
[EventCountry "GRE"]
[SourceTitle "playchess.com"]
[Source "ChessBase"]
[SourceQuality "1"]
[TimeControl "40/5400+30:1800+30"]

1. e4 e5 2. Nf3 Nc6 3. Bc4 Nf6 4. d3 h6 5. c3 d6 6. O-O Be7 7. Re1 Na5 8. Bb5+ Nc6 9. Nbd2 O-O 10. Nf1 Nh7 11. Ng3 Kh8 12. h3 f5 13. exf5 Bxf5 14. Nxf5 Rxf5 15. d4 exd4 16. Bxc6 bxc6 17. Nxd4 Rf7 18. Nxc6 Qf8 19. Nxe7 Rxe7 20. Rxe7 Qxe7 21. Be3 Nf6 22. Qf3 Rb8 23. b3 a6 24. Re1 d5 25. Qf5 c6 26. Bd2 Ne4 27. Qf4 Rf8 28. Qe3 Qh4 29. Rf1 Rf6 30. f4 Rg6 31. Be1 Qh5 32. g4 Qf5 33. Kh2 Qd7 34. f5 Rf6 35. Bg3 Qf7 36. Be5 Qd7 37. Bxf6 Qd6+ 38. Qf4 Qxf6 39. c4 Qb2+ 40. Kg1 Qd4+ 41. Kh1 Qb2 42. cxd5 cxd5 43. Qh2 Qc3 44. Rg1 Qe3 45. Qg2 d4 46. h4 d3 47. g5 Nf2+ 48. Kh2 Qf4+ 49. Qg3 Ng4+ 50. Kh3 Nf2+ 51. Kg2 Qe4+ 52. Qf3 d2 53. Kxf2 Qd4+ 54. Qe3 Qxh4+ 55. Ke2 Qh2+ 56. Kd1 Qd6 57. Qe8+ 1-0

[Event "46th GRE-chT Premier 2018"]
[Site "Rio Achaia"]
[Date "2018.07.11"]
[Round "3"]
[White "Tounta, Nefeli"]
[Black "Petraki, Evaggelia"]
[Result "0-1"]
[ECO "A53"]
[WhiteElo "1344"]
[BlackElo "1814"]
[Annotator "NA"]
[PlyCount "140"]
[EventDate "2018.07.10"]
[EventType "team-tourn"]
[EventCountry "GRE"]
[SourceTitle "playchess.com"]
[Source "ChessBase"]
[SourceQuality "1"]
[TimeControl "40/5400+30:1800+30"]

1. d4 Nf6 2. c4 d6 3. Nc3 Nbd7 4. e4 e5 5. d5 Be7 6. Bd3 O-O 7. Nge2 c6 {[%emt 0:01:22] A53: Old Indian Defence without Nf3} 8. O-O cxd5 (8... Nc5 9. Bc2 a5 10. Ng3 Bg4 11. f3 Bd7 12. Be3 cxd5 13. exd5 Qc7 14. a3 Rfc8 15. Rc1 a4 16. Kh1 Qa5 {0-1 (57) Girya,O (2484)-Danielian,E (2413) Riadh 2017}) 9. cxd5 Nc5 10. b4 $146 ({Predecessor:} 10. Bc2 a5 11. Ng3 Bd7 12. f3 Rc8 13. Kh1 b5 14. Be3 {½-½ (50) Maslov,A (2046)-Shajakhmetov,L (2078) Zelenograd 2017}) 10... Nxd3 11. Qxd3 Ne8 12. Ng3 Bg5 13. b5 g6 14. f4 exf4 15. Bxf4 Bxf4 16. Rxf4 Ng7 17. Re1 Qc7 18. Qd4 Bd7 19. e5 Rac8 20. Rf3 Qc5 21. Qxc5 dxc5 22. Nge4 Ne8 23. Nf6+ Nxf6 24. Rxf6 Rce8 25. Rd6 Re7 26. Ne4 Bxb5 27. Nxc5 b6 28. Nb3 Rfe8 29. Nd4 Bc4 30. Nc6 Rc7 31. a3 Bxd5 32. Nxa7 Rxa7 33. Rxd5 Rxa3 34. Rb5 Re6 35. Reb1 Ra6 36. Kf2 Kf8 37. Kf3 Ke7 38. Rd1 Ra5 39. Rxa5 bxa5 40. Rd5 Ra6 41. Rd3 a4 42. Ra3 Ke6 43. Ke4 Ra5 44. Kd4 Rd5+ 45. Kc3 Rxe5 46. Rxa4 Re2 47. Rg4 f5 48. Rh4 Rxg2 49. Rxh7 Re2 50. Kd3 Re5 51. h4 f4 52. Rh8 Kf7 53. Rh7+ Kg8 54. Rc7 Rh5 55. Ke4 Rxh4 56. Kf3 g5 57. Rc5 Rh3+ 58. Kg2 Rg3+ 59. Kf2 Kf7 60. Rc6 Re3 61. Rc5 Kf6 62. Kg2 Re5 63. Rc6+ Kf5 64. Kf2 g4 65. Rc3 g3+ 66. Kf3 Re3+ 67. Rxe3 fxe3 68. Kxe3 Kg4 69. Ke2 Kh3 70. Kf1 Kh2 0-1

[Event "46th GRE-chT Premier 2018"]
[Site "Rio Achaia"]
[Date "2018.07.11"]
[Round "3"]
[White "Chatzigavriil, Georgios"]
[Black "Gioutsos, Vasileios"]
[Result "1-0"]
[ECO "A16"]
[WhiteElo "1318"]
[BlackElo "1339"]
[Annotator "NA"]
[PlyCount "63"]
[EventDate "2018.07.10"]
[EventType "team-tourn"]
[EventCountry "GRE"]
[SourceTitle "playchess.com"]
[Source "ChessBase"]
[SourceQuality "1"]
[TimeControl "40/5400+30:1800+30"]

1. c4 Nf6 2. Nc3 g6 3. g3 Bg7 4. Bg2 O-O 5. d3 c5 6. e4 d6 7. Nge2 Nc6 8. O-O a6 9. b3 Rb8 10. a4 Qb6 11. Be3 Ng4 12. Bd2 Nb4 13. Rb1 Ne5 14. Nf4 e6 15. Be3 Nexd3 16. Nxd3 Bxc3 17. Rc1 Nxd3 18. Rxc3 Ne5 19. f4 Qb4 20. Qc2 Ng4 21. Bd2 Qb6 22. Qd1 Nf6 23. Rd3 Qc7 24. Bc3 Nd7 25. f5 exf5 26. exf5 Ne5 27. Rxd6 Nc6 28. fxg6 Nd4 29. gxh7+ Kh8 30. Bxd4+ cxd4 31. Qxd4+ Kxh7 32. Qh4+ 1-0

[Event "46th GRE-chT Premier 2018"]
[Site "Rio Achaia"]
[Date "2018.07.11"]
[Round "3"]
[White "Stathatos, Alexandros"]
[Black "Fertakis, Dimitrios"]
[Result "0-1"]
[ECO "B40"]
[WhiteElo "1311"]
[BlackElo "1058"]
[Annotator "NA"]
[PlyCount "80"]
[EventDate "2018.07.10"]
[EventType "team-tourn"]
[EventCountry "GRE"]
[SourceTitle "playchess.com"]
[Source "ChessBase"]
[SourceQuality "1"]
[TimeControl "40/5400+30:1800+30"]

1. e4 c5 2. Nf3 e6 3. d4 cxd4 4. Nxd4 Nf6 5. Bd3 Nc6 6. Nb3 Be7 7. O-O O-O 8. Nc3 d5 9. exd5 Nxd5 10. Bd2 Bf6 11. Nxd5 Qxd5 12. Rb1 b6 13. Re1 Bb7 14. Be4 Qd8 15. c3 Qc7 16. Qc2 h6 17. Rbd1 Rad8 18. Be3 Rxd1 19. Rxd1 Rd8 20. g3 Rxd1+ 21. Qxd1 Ne5 22. Bxb7 Qxb7 23. Nd4 Nc4 24. Bc1 Qd5 25. b3 Nd6 26. Qd2 Ne4 27. Qe3 Ng5 28. Bb2 Bxd4 29. cxd4 Nf3+ 30. Kf1 Nxh2+ 31. Ke2 Ng4 32. Qf4 Nf6 33. f3 Qb5+ 34. Kd2 Qd7 35. g4 Nd5 36. Qe5 Qc7 37. Qe2 Qf4+ 38. Kd1 Ne3+ 39. Ke1 Qg3+ 40. Kd2 Nd5 0-1

[Event "46th GRE-chT Premier 2018"]
[Site "Rio Achaia"]
[Date "2018.07.11"]
[Round "3"]
[White "Mavridis, Athanasios"]
[Black "Kafantaris, Pavlos"]
[Result "1/2-1/2"]
[ECO "A39"]
[WhiteElo "1304"]
[BlackElo "1380"]
[Annotator "NA"]
[PlyCount "108"]
[EventDate "2018.07.10"]
[EventType "team-tourn"]
[EventCountry "GRE"]
[SourceTitle "playchess.com"]
[Source "ChessBase"]
[SourceQuality "1"]
[TimeControl "40/5400+30:1800+30"]

1. Nf3 Nf6 2. c4 c5 3. Nc3 Nc6 4. g3 g6 5. Bg2 Bg7 6. O-O O-O 7. d4 cxd4 8. Nxd4 Qb6 9. Nxc6 dxc6 10. Qb3 Be6 11. Qxb6 axb6 12. b3 Ne4 13. Bxe4 Bxc3 14. Bh6 Bxa1 15. Bxf8 Kxf8 16. Rxa1 Rd8 17. Bd3 Bf5 18. Rd1 Ke8 19. f3 Bxd3 20. Rxd3 Ra8 21. Rd2 e6 22. Kf2 Ke7 23. e4 f6 24. Ke3 Ra5 25. Kd4 Ra8 26. Kc3 Ra5 27. Kb2 c5 28. h4 Ra8 29. h5 g5 30. g4 h6 31. Rd1 Rd8 32. Rxd8 Kxd8 33. Kc3 Kd7 34. Kd3 Kd6 35. a3 Ke5 36. Ke3 f5 37. exf5 exf5 38. b4 Ke6 39. Kf2 Ke5 40. gxf5 Kxf5 41. Kg3 Ke5 42. Kg4 Kd4 43. Kf5 Ke3 44. Kg4 Kd4 45. Kf5 Ke3 46. Kg4 Kd4 47. bxc5 bxc5 48. Kf5 Ke3 49. Kg4 Kd4 50. Kf5 Ke3 51. Kg4 Kd4 52. Kf5 Ke3 53. Kg4 Kd4 54. Kf5 Ke3 1/2-1/2